 Dungeon Crawl Stone Soup version 0.21.1-1-g345015fe64 (webtiles) character file.

737 Kejsarherre the Cudgeler (level 7, 0/55 HPs)
             Began as a Demonspawn Gladiator on May 10, 2018.
             Was an Initiate of Okawaru.
             Slain by a crimson imp
             ... wielding a +0 broad axe
              (7 damage)
             ... on level 6 of the Dungeon.
             The game lasted 00:06:33 (4026 turns).

Kejsarherre the Cudgeler (Demonspawn Gladiator)     Turns: 4026, Time: 00:06:34

Health: 0/55       AC:  4    Str: 15    XL:     7   Next: 46%
Magic:  7/7        EV: 18    Int: 11    God:    Okawaru [......]
Gold:   98         SH:  4    Dex: 19    Spells: 6/6 levels left

rFire    . . .     SeeInvis .   a - +0 flail
rCold    + . .     Gourm    .   (no shield)
rNeg     . . .     Faith    .   b - +0 leather armour
rPois    .         Spirit   .   c - +0 helmet
rElec    .         Reflect  .   (no cloak)
rCorr    .         Harm     +   (no gloves)
MR       .....                  (no boots)
Stlth    ++........             o - amulet of harm
HPRegen  0.18/turn              (no ring)
MPRegen  0.10/turn              (no ring)

@: agile, heavily drained
A: talons 2, large bone plates 1, cold resistance 1
a: Renounce Religion


You were on level 6 of the Dungeon.
You worshipped Okawaru.
Okawaru was noncommittal.
You were not hungry.

You visited 2 branches of the dungeon, and saw 7 of its levels.

You collected 98 gold pieces.

Inventory:

Hand Weapons
 a - a +0 flail (weapon)
Missiles
 d - 2 throwing nets (quivered)
Armour
 b - a +0 leather armour (worn)
 c - a +0 helmet (worn)
Magical Staves
 e - an uncursed staff of air
Jewellery
 o - an amulet of harm (around neck)
Wands
 t - a wand of digging (19)
Scrolls
 g - 2 scrolls of identify {unknown}
 i - a scroll of immolation {unknown}
 j - a scroll of amnesia {unknown}
 l - a scroll of remove curse
 q - a scroll of fear {unknown}
 u - 2 scrolls of teleportation {unknown}
 v - a scroll of enchant weapon {unknown}
Potions
 k - a potion of agility
 m - a potion of resistance {unknown}
 n - a potion of cancellation {unknown}
 p - a potion of heal wounds {unknown}
 r - a potion of brilliance
 s - a potion of haste {unknown}
Comestibles
 f - 3 rations


   Skills:
 + Level 4.8(3.6) Fighting
 * Level 5.2(4.0) Maces & Flails
 - Level 1.7(0.7) Throwing
 * Level 3.6(2.5) Dodging
 + Level 3.4(2.3) Unarmed Combat


You had 6 spell levels left.
You didn't know any spells.

Dungeon Overview and Level Annotations

Branches:
Dungeon (7/15)             Temple (1/1) D:7

Altars:
Ashenzari
Dithmenos
Elyvilon
Fedhas
Gozag
Hepliaklqana
Kikubaaqudgha
Okawaru
Qazlal
Ru
Sif Muna
Uskayaw
Vehumet
Wu Jian
Xom
Zin
The Shining One

Shops:
D:4 :

Annotations:
D:2 Robin
D:7 2 runed doors


Innate Abilities, Weirdness & Mutations

You have razor-sharp toenails.
You are partially covered in large bone plates. (SH +4)
Your flesh is cold resistant. (rC+)


Message History

The crimson imp hits you but does no damage.
You barely miss the crimson imp.
You feel less wooden.
Your +0 helmet unmelds from your body.
Your +0 leather armour unmelds from your body.
The crimson imp barely misses you.
You closely miss the crimson imp.
You can no longer gain great but temporary skills.
You hit the crimson imp. Your kick misses the crimson imp.
The crimson imp is moderately wounded.
The crimson imp barely misses you.
You feel agile all of a sudden. You block the crimson imp's attack.
You closely miss the crimson imp. Your kick misses the crimson imp.
The crimson imp is moderately wounded.
The crimson imp closely misses you.
You hit the crimson imp but do no damage.
The crimson imp is lightly wounded.
The crimson imp hits you with a broad axe.
You die...

.###+#### #.......#
#.......## #........#
#........# #......####
### ## .
'......###8###8###8###...
#.....>##.........†..'...
######'#8.......@5)..#
#.##............#
#.##...##8###8###
#.##...#### ##
#.#⌠...8######
#)##...##....#
#.##...##....#
#.##...##...)#
###.#8...8#....# ....


You could see a crimson imp.

Vanquished Creatures
  An ice beast (D:6)
  A scorpion (D:6)
  4 wights (D:6)
  A jelly (D:7)
  A centaur skeleton (D:7)
  2 hounds
  Jessica (D:2)
  An iguana (D:7)
  4 worker ants
  2 hound skeletons (D:6)
  A howler monkey zombie (D:6)
  5 adders
  4 gnolls (D:4)
  A howler monkey skeleton (D:4)
  4 leopard geckos
  4 orcs (D:7)
  A bat (D:2)
  3 giant cockroaches
  4 goblins (D:3)
  A hobgoblin (D:3)
  2 jackals (D:7)
  2 kobolds (D:3)
  A ball python (D:7)
  5 frilled lizards
  2 jackal skeletons (D:4)
  A rat (D:3)
59 creatures vanquished.

Notes
Turn   | Place    | Note
-------+----------+-------------------------------------------
     0 | D:1      | Kejsarherre the Demonspawn Gladiator began the quest for the Orb.
     0 | D:1      | Reached XP level 1. HP: 16/16 MP: 1/1
   217 | D:2      | Noticed Jessica
   226 | D:2      | Killed Jessica
   226 | D:2      | Reached skill level 3 in Maces & Flails
   226 | D:2      | Gained mutation: Your flesh is cold resistant. (rC+) [demonic ancestry]
   226 | D:2      | Reached XP level 2. HP: 20/23 MP: 2/2
   226 | D:2      | Gained mutation: You have sharp toenails. [demonic ancestry]
   226 | D:2      | Reached XP level 3. HP: 25/28 MP: 3/3
   287 | D:2      | You fall through a shaft!
   486 | D:2      | Found a radiant altar of Vehumet.
   486 | D:2      | Noticed Robin
   904 | D:4      | Gained mutation: You have razor-sharp toenails. [demonic ancestry]
   904 | D:4      | Reached XP level 4. HP: 31/35 MP: 4/4
  1055 | D:4      | Found Maif's Book Emporium.
  1098 | D:4      | Reached skill level 4 in Maces & Flails
  1098 | D:4      | Reached skill level 1 in Unarmed Combat
  1307 | D:4      | Gained mutation: You are partially covered in large bone plates. (SH +4) [demonic ancestry]
  1307 | D:4      | Reached XP level 5. HP: 33/42 MP: 5/5
  2215 | D:4      | You fall through a shaft for 3 floors!
  2275 | D:7      | Found a staircase to the Ecumenical Temple.
  2285 | Temple   | Entered the Ecumenical Temple
  2405 | Temple   | Became a worshipper of Warmaster Okawaru
  2455 | D:7      | Reached XP level 6. HP: 48/48 MP: 6/6
  3229 | D:7      | Found a runed door.
  3258 | D:7      | Found a runed door.
  3615 | D:6      | Noticed an ice beast
  3630 | D:6      | Killed an ice beast
  3630 | D:6      | Reached XP level 7. HP: 55/55 MP: 7/7
  3729 | D:6      | Reached skill level 5 in Maces & Flails
  3762 | D:6      | Reached * piety under Okawaru
  4026 | D:6      | Slain by a crimson imp

Skill      XL: |  1  2  3  4  5  6  7 |
---------------+----------------------+-----
Maces & Flails | 3 4 5 |  5.2
Fighting       | 3 4 |  4.8
Unarmed Combat | 1 2 3 |  3.4
Dodging        | 3 |  3.6
Throwing       | |  1.7

Action                   |  1- 3 |  4- 6 |  7- 9 || total
-------------------------+-------+-------+-------++-------
Melee: Flail             |    62 |   134 |    37 ||   233
       Kick              |    14 |    36 |     8 ||    58
       Punch             |       |     2 |       ||     2
Throw: Throwing net      |     3 |       |       ||     3
  Use: Potion            |       |     4 |     2 ||     6
       Scroll            |       |     2 |       ||     2
 Stab: Sleeping          |       |     1 |       ||     1
  Eat: Chunk             |       |     4 |       ||     4
       Ration            |       |     1 |     1 ||     2
Armor: Leather armour    |    20 |    24 |     3 ||    47
       Skin              |       |       |     2 ||     2
Dodge: Dodged            |    47 |    86 |    20 ||   153
Block: Other             |       |    15 |     8 ||    23
